 Dungeon Crawl Stone Soup version 0.28-a0-1594-ga885d4b3d6 (webtiles) character file.

Game seed: 7311777209327402714

8522 testman the Fighter (level 11, -9/135 HPs)
             Began as a Djinni Hedge Wizard on Jan 20, 2022.
             Was an Elder of Trog.
             Mangled by a gargoyle (17 damage)
             ... on level 11 of the Dungeon.
             The game lasted 00:42:56 (11292 turns).

testman the Fighter (Djinni Hedge Wizard)          Turns: 11292, Time: 00:42:57

Health: -9/135     AC:  8    Str: 13      XL:     11   Next: 57%
Gold:   435        EV: 11    Int: 19      God:    Trog [****..] SH:  4 Dex:  8 (10)

rFire   + + .      SeeInvis +   x - +2 mace (drain)
rCold   x . .      Faith    .   c - +0 buckler of Kieffi {Rampage Str+2 SInv Stlth+}
rNeg    . . .      Spirit   .   D - +0 troll leather armour
rPois   ∞          Reflect  .   L - +2 helmet
rElec   .          Harm     .   (no cloak)
rCorr   .          Rampage  +   K - +0 pair of gloves
Will    +....                   (boots unavailable)
Stlth   ..........              (no amulet)
HPRegen 1.12/turn               (no ring)
MPRegen 0.00/turn               (no ring)

@: berserking (expiring), flying, very quick
A: sickness immunity, fire resistance 2, cold vulnerability 1, float, innate
caster, hp casting, extra vitality 1, clumsy 1
a: Renounce Religion, Berserk, Trog's Hand, Brothers in Arms


You were on level 11 of the Dungeon.
You worshipped Trog.
Trog was greatly pleased with you.
You visited 1 branch of the dungeon, and saw 11 of its levels.

You collected 722 gold pieces.
You spent 287 gold pieces at shops.

Inventory:

Hand Weapons
 e - a +2 dagger of venom
 x - a +2 mace of draining (weapon)
 y - the +7 glaive "Vaneff" {drain, Will++ Int-5 Stlth+}
   (You bought it in a shop on level 6 of the Dungeon)

   A truly terrible weapon, it drains the life of any living foe it strikes.
   Int:       It affects your intelligence (-5).
   Will:      It greatly increases your willpower.
   Stlth:     It makes you more stealthy.
Missiles
 a - 275 stones
 g - 67 sling bullets
 t - 8 javelins
 E - 5 boomerangs (quivered)
 H - 31 poisoned darts
 J - 2 throwing nets
Armour
 c - the +0 buckler of Kieffi (worn) {Rampage Str+2 SInv Stlth+}
   (You found it on level 2 of the Dungeon)

   Str:       It affects your strength (+2).
   SInv:      It lets you see invisible.
   Rampage:   It bestows one free step when moving towards enemies.
   Stlth:     It makes you more stealthy.
 D - a +0 troll leather armour (worn)
 K - a +0 pair of gloves (worn)
 L - a +2 helmet (worn)
Wands
 s - a wand of digging (3)
Scrolls
 b - 2 scrolls of noise
 i - a scroll of fog
 j - a scroll of amnesia
 k - 2 scrolls of torment
 l - 4 scrolls of teleportation
 n - 3 scrolls of enchant weapon
 o - a scroll of magic mapping {unknown}
 r - a scroll of brand weapon {unknown}
 v - a scroll of holy word {unknown}
 w - a scroll of silence {unknown}
 C - 2 scrolls of immolation {unknown}
 F - 2 scrolls of vulnerability {unknown}
 G - 2 scrolls of blinking {unknown}
Potions
 f - 3 potions of curing
 m - a potion of mutation
 p - a potion of magic
 q - a potion of brilliance
 u - 2 potions of might
 A - 3 potions of flight
 B - a potion of degeneration
 I - 3 potions of lignification
Miscellaneous
 h - a condenser vane


   Skills:
 - Level 12.4 Fighting
 + Level 8.6 Maces & Flails
 - Level 2.1 Dodging
 - Level 1.5 Stealth
 - Level 4.0 Shields
 - Level 4.2 Spellcasting


You couldn't memorise any spells.
You knew the following spells:

 Your Spells              Type           Power      Damage    Failure   Level
a - Magic Dart            Conj           80%        1d7       4%          1
b - Blink                 Tloc           40%        N/A       6%          2
c - Call Imp              Summ           20%        N/A       6%          2
d - Slow                  Hex            80%        N/A       4%          1
e - Conjure Flame         Conj/Fire      20%        6-21      12%         3
f - Mephitic Cloud        Conj/Pois/Air  20%        N/A       12%         3
g - Shock                 Conj/Air       80%        1d8       4%          1
h - Searing Ray           Conj           40%        2d5       6%          2
i - Ensorcelled Hibernat  Hex/Ice        40%        N/A       6%          2
j - Cause Fear            Hex            10%        N/A       36%         4
k - Metabolic Englaciati  Hex/Ice        10%        N/A       73%         5
Your spell library was empty.

Dungeon Overview and Level Annotations

Branches:
Dungeon (11/15)            Temple (0/1) D:7            Lair (0/6) D:10
    Orc: D:9-12

Altars:
Makhleb
Trog

Shops:
D:5 [((   D:6 (

Annotations:
D:9 3 runed translucent doors, HuGe's ghost, novice MiBe


Innate Abilities, Weirdness & Mutations

You are immune to sickness and miasma.
You are immune to poison.
Your flesh is very heat resistant. (rF++)
You are vulnerable to cold. (rC-)
You float through the air rather than walking.
You learn spells naturally, not from books.
Your magical power is your life essence.
You have superior vitality. (+4 MHP)
You are clumsy. (Dex -2)


Message History

You hit the gargoyle but do no damage.
The gargoyle is lightly damaged.
You block the gargoyle's attack.
You barely miss the gargoyle.
The gargoyle is lightly damaged.
You hit the gargoyle but do no damage.
The gargoyle is lightly damaged.
The gargoyle hits you with a +0 mace!
* * * LOW HITPOINT WARNING * * *
You hit the gargoyle but do no damage.
The gargoyle is lightly damaged.
You block the gargoyle's attack.
Okay, then.
You hit the gargoyle.
The gargoyle is moderately damaged.
You hit the gargoyle.
The gargoyle is heavily damaged.
The gargoyle hits you but does no damage.
You hit the gargoyle.
The gargoyle is severely damaged.
The gargoyle hits you with a +0 mace.
* * * LOW HITPOINT WARNING * * *
You closely miss the gargoyle.
The gargoyle is severely damaged.
You hit the gargoyle.
The gargoyle is almost destroyed.
The gargoyle barely misses you.
You hit the gargoyle but do no damage.
The gargoyle is severely damaged.
The gargoyle hits you with a +0 mace!
* * * LOW HITPOINT WARNING * * *
You barely miss the gargoyle.
The gargoyle is severely damaged.
You hit the gargoyle but do no damage.
The gargoyle is severely damaged.
The gargoyle hits you but does no damage.
You closely miss the gargoyle.
The gargoyle is severely damaged.
The gargoyle hits you with a +0 mace!
You die...

#################
#................
#..............
#............#
#.......(.(..#
.....?...<(..#
##.........#
#...(.@...##
#.....9.......
#........####+
#........#
......#+####
........#
.##+##..# #..#
#..#


You could see a gargoyle.

Vanquished Creatures
  2 two-headed ogres
  Pikel (D:3)
  A kobold demonologist (D:10)
  A komodo dragon (D:10)
  A troll (D:6)
  A hornet (D:10)
  Sigmund (D:4)
  Grum (D:8)
  A wyvern (D:9)
  6 yaks (D:9)
  A steam dragon (D:10)
  A water moccasin (D:5)
  Duvessa (D:5)
  3 sky beasts
  3 orc warriors
  A black bear (D:5)
  An ice beast (D:7)
  2 wolves (D:8)
  2 centaurs
  2 ogres
  A lemure (D:4)
  5 kobold brigands
  4 bullfrogs
  5 scorpions
  A wyvern zombie (D:7)
  A wyvern skeleton (D:7)
  Dowan (D:5)
  2 water moccasin skeletons
  10 killer bees
  3 wights (D:7)
  2 howler monkeys
  2 centaur zombies
  2 centaur skeletons (D:6)
  A hound (D:5)
  5 orc priests
  2 bullfrog skeletons (D:6)
  5 iguanas
  7 orc wizards
  A scorpion zombie (D:5)
  A killer bee zombie (D:7)
  2 hound skeletons (D:4)
  A howler monkey zombie (D:6)
  3 gnolls (D:3)
  A howler monkey skeleton (D:5)
  9 adders
  A shadow imp (D:5)
  A white imp (D:6)
  An ufetubus (D:4)
  4 dart slugs
  23 orcs
  3 bats
  8 endoplasms
  4 giant cockroaches
  10 goblins
  8 hobgoblins
  4 jackals
  3 quokkas
  7 ball pythons
  5 frilled lizards
  28 kobolds
  7 rats
227 creatures vanquished.

Vanquished Creatures (others)
  A kobold (D:11)
  3 fungi (D:3)
  16 plants
20 creatures vanquished.

Grand Total: 247 creatures vanquished

Notes
Turn   | Place    | Note
-------+----------+-------------------------------------------
     0 | D:1      | testman the Djinni Hedge Wizard began the quest for the
                  | Orb.
     0 | D:1      | Reached XP level 1. HP: 15/15 MP: 0/0
   135 | D:1      | Reached XP level 2. HP: 17/21 MP: 0/0
   731 | D:1      | Reached XP level 3. HP: 23/25 MP: 0/0
   731 | D:1      | Learned a level 1 spell: Shock
  1185 | D:2      | Identified the +0 buckler of Kieffi {Rampage Str+2 SInv
                  | Stlth+}
  1657 | D:2      | Reached XP level 4. HP: 30/31 MP: 0/0
  1880 | D:3      | Reached skill level 1 in Fighting
  2069 | D:3      | Noticed an ogre
  2077 | D:3      | Killed an ogre
  2078 | D:3      | Reached skill level 2 in Fighting
  2078 | D:3      | Reached XP level 5. HP: 30/39 MP: 0/0
  2078 | D:3      | Learned a level 2 spell: Searing Ray
  2185 | D:3      | Identified the +3 leather armour of Aghy {Harm Drain rN+}
  2213 | D:3      | Reached XP level 6. HP: 19/45 MP: 0/0
  2723 | D:3      | Reached skill level 3 in Fighting
  2896 | D:3      | Found a faded altar of an unknown god.
  2901 | D:3      | Prayed at the altar of an unknown god.
  2901 | D:3      | Became a worshipper of Trog the Wrathful
  2901 | D:3      | Reached * piety under Trog
  3014 | D:3      | Found a burning altar of Makhleb.
  3228 | D:4      | Noticed Pikel
  3259 | D:3      | Reached skill level 1 in Shields
  3480 | D:3      | Killed Pikel
  3481 | D:3      | Reached skill level 5 in Fighting
  3481 | D:3      | Reached XP level 7. HP: 35/54 MP: 0/0
  3481 | D:3      | Learned a level 2 spell: Ensorcelled Hibernation
  3481 | D:3      | Reached XP level 8. HP: 38/59 MP: 0/0
  4100 | D:4      | Noticed Sigmund
  4108 | D:4      | Killed Sigmund
  4109 | D:4      | Reached skill level 6 in Fighting
  4430 | D:4      | Reached ** piety under Trog
  4571 | D:5      | Entered Level 5 of the Dungeon
  4695 | D:5      | Reached skill level 7 in Fighting
  5172 | D:5      | Reached skill level 8 in Fighting
  5281 | D:5      | Noticed Dowan
  5282 | D:5      | Noticed Duvessa
  5293 | D:5      | Killed Duvessa
  5294 | D:5      | Reached XP level 9. HP: 71/71 MP: 0/0
  5294 | D:5      | Learned a level 4 spell: Cause Fear
  5304 | D:5      | Killed Dowan
  5352 | D:5      | Found Otsauqef's Weapon Emporium.
  5520 | D:5      | Found Poill's Armour Shop.
  5612 | D:5      | Found Facral's Antique Weapon Boutique.
  5826 | D:5      | Reached skill level 9 in Fighting
  6141 | D:6      | Found Nuoxick's Antique Weapon Boutique.
  6247 | D:6      | Bought a faintly glowing glaive for 287 gold pieces
  6247 | D:6      | Identified the +7 glaive "Vaneff" {drain, Will++ Int-5
                  | Stlth+} (You bought it in a shop on level 6 of the Dungeon)
  6516 | D:6      | Reached skill level 10 in Fighting
  7151 | D:6      | Noticed a troll
  7167 | D:6      | Killed a troll
  7168 | D:6      | Reached skill level 11 in Fighting
  7399 | D:6      | Reached XP level 10. HP: 59/83 MP: 0/0
  7632 | D:7      | Reached *** piety under Trog
  7641 | D:7      | Reached skill level 12 in Fighting
  7919 | D:7      | Reached skill level 1 in Maces & Flails
  8368 | D:7      | Found a staircase to the Ecumenical Temple.
  8879 | D:8      | Noticed a two-headed ogre
  8884 | D:8      | Noticed Grum
  8899 | D:8      | Killed a two-headed ogre
  8907 | D:8      | Killed Grum
  8907 | D:8      | Reached **** piety under Trog
  8920 | D:8      | Reached skill level 5 in Maces & Flails
  9221 | D:9      | Identified the +3 kite shield of Exclusion {Will+ Str+2}
  9226 | D:9      | Noticed HuGe's ghost (novice MiBe)
  9228 | D:9      | Noticed an ice devil
  9320 | D:9      | Reached XP level 11. HP: 90/90 MP: 0/0
  9320 | D:9      | Learned a level 5 spell: Metabolic Englaciation
  9869 | D:9      | Found a runed translucent gate.
  9871 | D:9      | Found a runed translucent gate.
  9872 | D:9      | Found a runed translucent gate.
 10120 | D:10     | Entered Level 10 of the Dungeon
 10165 | D:10     | Found a staircase to the Lair.
 10553 | D:10     | Identified the +4 quarterstaff "Wuroixt" {spect, Dex+6}
 10965 | D:11     | Noticed a two-headed ogre
 11092 | D:10     | Killed a two-headed ogre
 11178 | D:11     | Noticed a sixfirhy
 11184 | D:11     | Gained mutation: You are clumsy. (Dex -2) [a neqoxec]
 11289 | D:11     | HP: 6/135 [gargoyle (7)]
 11292 | D:11     | Mangled by a gargoyle

Illustrated notes

Levels and vault maps discovered:
D:1:      dpeg_arrival_ternary, layout_basic, serial_curves, eino_curves_01,
          eino_curves_03, wander_ebering_terrifying_dragon_lair
D:2:      layout_loops_ring
D:3:      layout_loops_cross, lightli_temple_of_fire,
          shapermc_ecumenical_altar_hornbeckon
D:4:      layout_rooms, uniq_sigmund, uniq_pikel
D:5:      layout_loops_ring, serial_shops, shop, nicolae_stop_n_shop_2,
          shop_statue, uniq_duvessa
D:6:      layout_cave_pools, serial_shops, shop_coins,
          minmay_fractal_squares_gapless_5
D:7:      layout_loops_ring, minmay_temple_entry_enclosed_plants,
          grunt_ministairs_3
D:8:      layout_basic, uniq_grum
D:9:      layout_roguey, gammafunk_ghost_icy
D:10:     layout_roguey, david_lair_shrubbed
D:11:     layout_irregular_city, minmay_holes

Skill      XL: |  1  2  3  4  5  6  7  8  9 10 11 |
---------------+----------------------------------+-----
Spellcasting   | 3 4 |  4.2
Fighting       | 2 5 8 11 12 | 12.4
Shields        | 3 4 |  4.0
Maces & Flails | 5 8 |  8.6
Dodging        | |  2.1
Stealth        | |  1.5

Action                   |  1- 3 |  4- 6 |  7- 9 | 10-12 || total
-------------------------+-------+-------+-------+-------++-------
Melee: Dagger            |    34 |    59 |   361 |    69 ||   523
       Mace              |       |       |       |   409 ||   409
Throw: Javelin           |       |       |       |     2 ||     2
 Cast: Magic Dart        |    20 |       |       |       ||    20
       Shock             |    32 |    40 |       |       ||    72
       Mephitic Cloud    |       |     2 |       |       ||     2
       Slow              |       |     1 |       |       ||     1
Invok: Berserk           |       |     1 |     9 |     9 ||    19
  Use: Scroll            |       |       |       |    14 ||    14
       Potion            |       |       |       |     4 ||     4
 Stab: Sleeping          |     4 |     4 |     5 |     5 ||    18
Armor: Robe              |     2 |    14 |       |       ||    16
       Ring mail         |       |       |    96 |       ||    96
       Leather armour    |       |       |    18 |       ||    18
       Troll leather arm |       |       |     1 |   150 ||   151
Dodge: Dodged            |    17 |    44 |   168 |   292 ||   521
Block: Buckler           |       |     7 |    86 |   126 ||   219

Table legend: (Time is in decaauts)
 A = Elapsed time spent in this place.
 B = Non-inter-level travel time spent in this place.
 C = Inter-level travel time spent in this place.
 D = Time resting spent in this place.
 E = Time spent auto-exploring this place.
 F = Levels seen in this place.
 G = Mean time per level.
                   A        B        C        D        E       F      G
               +--------+--------+--------+--------+--------+-----+--------+
         Total |  11512 |  11273 |    239 |   2868 |   6342 |  11 | 1046.5 |
       Dungeon |  11512 |  11273 |    239 |   2868 |   6342 |  11 | 1046.5 |
               +--------+--------+--------+--------+--------+-----+--------+

Top non-repeatable levels by time:
     D:5: 1622 daAuts
     D:3: 1568 daAuts
     D:6: 1399 daAuts
     D:1: 1180 daAuts
     D:4: 1168 daAuts
    D:10: 1136 daAuts
     D:7: 949 daAuts
     D:9: 902 daAuts
     D:8: 831 daAuts
     D:2: 691 daAuts
    D:11: 59 daAuts
